 Dungeon Crawl Stone Soup version 0.26.1-11-gd32895ea62 (webtiles) character file.

Game seed: 9200987665782442982

7355 mankey1987 the Nimble (level 11, -14/150 HPs)
             Began as an Ogre Berserker on May 30, 2021.
             Was an Elder of Trog.
             Demolished by a boulder beetle (17 damage)
             ... on level 11 of the Dungeon.
             The game lasted 00:21:07 (15205 turns).

mankey1987 the Nimble (Ogre Berserker)             Turns: 15205, Time: 00:21:07

Health: -14/150    AC: 25    Str: 23    XL:     11   Next: 14%
Magic:  11/11      EV:  1    Int:  8    God:    Trog [****..]
Gold:   686        SH:  0    Dex: 11    Spells: 10/10 levels left

rFire    . . .     SeeInvis .   v - +2 mace (freeze)
rCold    . . .     Faith    .   (no shield)
rNeg     + + +     Spirit   .   (armour currently unavailable)
rPois    +         Reflect  .   (helmet currently unavailable)
rElec    .         Harm     .   (cloak currently unavailable)
rCorr    .         Rampage  .   (gloves unavailable)
Will     +++..     NoTele   +   (boots unavailable)
Stlth    +.........             (no amulet)
HPRegen  0.35/turn              w - ring of willpower
MPRegen  0.12/turn              h - ring of willpower

@: tree-form, berserk cooldown, hasted and slowed
A: large, unfitting armour, sense surroundings 1, screaming 1
a: Renounce Religion, Berserk, Trog's Hand, Brothers in Arms


You were on level 11 of the Dungeon.
You worshipped Trog.
Trog was greatly pleased with you.
You were a tree.
You visited 1 branch of the dungeon, and saw 11 of its levels.

You collected 686 gold pieces.

Inventory:

Hand Weapons
 a - a +2 giant spiked club
 v - a +2 mace of freezing (weapon)
Armour
 f - a +2 robe of positive energy (melded)
 n - a +2 cloak (melded)
Jewellery
 h - a ring of willpower (right branch)
 w - a ring of willpower (left branch)
Wands
 d - a wand of random effects (21)
 m - a wand of disintegration (9)
 r - a wand of paralysis (29)
 s - a wand of acid (1)
 u - a wand of iceblast (22)
Scrolls
 c - 6 scrolls of teleportation
 e - 4 scrolls of remove curse
 i - 3 scrolls of magic mapping
 l - a scroll of enchant armour
 t - a scroll of identify
Potions
 g - 2 potions of haste
 j - a potion of resistance
 k - a potion of attraction
 q - 2 potions of flight


   Skills:
 - Level 4.3 Fighting
 - Level 2.9 Maces & Flails
 + Level 14.8 Dodging


You had 10 spell levels left.
You didn't know any spells.
Your spell library was empty.

Dungeon Overview and Level Annotations

Branches:
Dungeon (11/15)            Temple (0/1) D:6
   Lair: D:8-11         Orc: D:9-12

Altars:
Elyvilon
Fedhas
Hepliaklqana
Kikubaaqudgha
Makhleb
Nemelex Xobeh
Okawaru
Qazlal
Trog
Uskayaw
Vehumet
Yredelemnul
Zin

Shops:
D:8 ?

Annotations:
D:7 2 transporters, Zeld's ghost, novice OpTm


Innate Abilities, Weirdness & Mutations

You are too large for most types of armour.
((You have tough skin. (AC +1)))
You passively map a small area around you.
You occasionally shout uncontrollably at your foes.


Message History

The boulder beetle is severely wounded.
The boulder beetle bites you but does no damage.
You hit the boulder beetle but do no damage.
The boulder beetle is severely wounded.
The boulder beetle bites you but does no damage.
You hit the boulder beetle but do no damage.
The boulder beetle is heavily wounded.
The boulder beetle completely misses you.
You hit the boulder beetle but do no damage.
The boulder beetle is heavily wounded.
The boulder beetle bites you.
* * * LOW HITPOINT WARNING * * *
The boulder beetle bites you but does no damage.
You hit the boulder beetle but do no damage.
The boulder beetle is heavily wounded.
The boulder beetle bites you but does no damage.
You barely miss the boulder beetle.
The boulder beetle is heavily wounded.
The boulder beetle bites you!
You die...

* ,,, #.# ,* *,,,
#.# #+#+#* #.#
#####.#.## #.#
#.(......# #.# *
#.###.#..# #.#
#..).....# #.#
#..)#).#.# #B# ,
#.#.#..#.# #♣# ,
#.#.#..#.###.# , +
#.#..#..##.#
,,**#^#..#..##.# *
#.#..#...#.# * *
#.####+#.#.#
#..........#
#.......#..#
#######(......#..#


You could see a boulder beetle.

Vanquished Creatures
  Harold (D:8)
  3 two-headed ogres
  Grinder (D:4)
  A hornet zombie (D:10)
  4 orc warriors
  A phantom (D:10)
  2 ice beasts
  6 ogres
  3 centaurs
  A big kobold (D:6)
  4 bullfrogs (D:8)
  2 gnoll sergeants (D:6)
  2 scorpions
  6 killer bees (D:10)
  3 wights (D:6)
  3 howler monkeys (D:9)
  An electric eel (D:9)
  A centaur zombie (D:7)
  6 orc priests
  3 jellies
  2 quasits
  9 hounds
  Crazy Yiuf (D:4)
  3 gnoll shamans
  9 orc wizards
  2 iguanas
  A bullfrog skeleton (D:9)
  2 centaur skeletons
  8 worker ants
  2 hound skeletons
  A worker ant zombie (D:9)
  17 gnolls
  15 adders
  A shadow imp (D:8)
  An ooze (D:3)
  An ufetubus (D:9)
  4 adder skeletons
  2 adder zombies (D:9)
  2 worms (D:2)
  3 dart slugs
  3 leopard geckos
  36 orcs
  14 bats
  6 giant cockroaches
  13 goblins
  7 hobgoblins
  14 jackals
  14 kobolds
  5 quokkas
  6 frilled lizards
  25 rats
283 creatures vanquished.

Vanquished Creatures (collateral kills)
  2 jackals (D:8)
  A quokka (D:8)
3 creatures vanquished.

Vanquished Creatures (others)
  2 plants (D:6)
  3 withered plants (D:7)
5 creatures vanquished.

Grand Total: 291 creatures vanquished

Notes
Turn   | Place    | Note
-------+----------+-------------------------------------------
     0 | D:1      | mankey1987 the Ogre Berserker began the quest for the Orb.
     0 | D:1      | Reached XP level 1. HP: 24/24 MP: 1/1
   163 | D:1      | Reached XP level 2. HP: 31/32 MP: 2/2
   190 | D:1      | Reached skill level 3 in Dodging
   660 | D:1      | Reached XP level 3. HP: 27/39 MP: 3/3
   923 | D:1      | Reached ** piety under Trog
  1374 | D:2      | Reached skill level 4 in Dodging
  1377 | D:2      | Reached XP level 4. HP: 48/48 MP: 4/4
  2322 | D:2      | Found a transporter.
  2332 | D:2      | Found a transporter.
  2340 | D:2      | Found a hide-covered altar of Uskayaw.
  2341 | D:2      | Found a blossoming altar of Fedhas.
  2341 | D:2      | Found a white marble altar of Elyvilon.
  2393 | D:2      | Reached skill level 5 in Dodging
  2393 | D:2      | Reached XP level 5. HP: 54/54 MP: 5/5
  3241 | D:3      | Reached XP level 6. HP: 54/62 MP: 6/6
  3609 | D:3      | Reached skill level 6 in Dodging
  3758 | D:3      | Noticed an ice beast
  3767 | D:3      | Killed an ice beast
  3896 | D:3      | Reached *** piety under Trog
  4229 | D:4      | Found a radiant altar of Vehumet.
  4251 | D:4      | Noticed Grinder
  4260 | D:4      | Paralysed by Grinder for 4 turns
  4270 | D:4      | Killed Grinder
  4271 | D:4      | Reached skill level 7 in Dodging
  4271 | D:4      | Reached XP level 7. HP: 70/70 MP: 7/7
  4594 | D:4      | Reached skill level 8 in Dodging
  4721 | D:4      | Found a runed translucent door.
  4722 | D:4      | Noticed Crazy Yiuf
  4919 | D:4      | Killed Crazy Yiuf
  5028 | D:5      | Entered Level 5 of the Dungeon
  5173 | D:5      | Reached XP level 8. HP: 61/78 MP: 8/8
  5675 | D:5      | Noticed a water elemental
  5677 | D:5      | Found a stormy altar of Qazlal.
  5679 | D:5      | Noticed an air elemental
  6088 | D:5      | Reached **** piety under Trog
  6089 | D:5      | Reached skill level 9 in Dodging
  6389 | D:5      | Found a glowing silver altar of Zin.
  7597 | D:6      | Reached skill level 10 in Dodging
  7658 | D:6      | Gained mutation: You tend to lose your temper in combat.
                  | [potion of mutation]
  7658 | D:6      | Gained mutation: You occasionally shout uncontrollably at
                  | your foes. [potion of mutation]
  7658 | D:6      | Gained mutation: You have sharp fingernails. [potion of
                  | mutation]
  7820 | D:6      | Found a staircase to the Ecumenical Temple.
  7916 | D:6      | Found a hazy altar of Hepliaklqana.
  7918 | D:6      | Found a basalt altar of Yredelemnul.
  7920 | D:6      | Found an iron altar of Okawaru.
  7984 | D:6      | Lost mutation: You have sharp fingernails. [potion of
                  | mutation]
  7984 | D:6      | Lost mutation: You tend to lose your temper in combat.
                  | [potion of mutation]
  7984 | D:6      | Lost mutation: You occasionally shout uncontrollably at
                  | your foes. [potion of mutation]
  7984 | D:6      | Gained mutation: You are dopey. (Int -2) [potion of
                  | mutation]
  7984 | D:6      | Gained mutation: You expend magic power (3 MP) to
                  | strengthen your wands. [potion of mutation]
  7985 | D:6      | Lost mutation: You expend magic power (3 MP) to strengthen
                  | your wands. [potion of mutation]
  7985 | D:6      | Lost mutation: You are dopey. (Int -2) [potion of mutation]
  7985 | D:6      | Gained mutation: You occasionally shout uncontrollably at
                  | your foes. [potion of mutation]
  7985 | D:6      | Gained mutation: You passively map a small area around you.
                  | [potion of mutation]
  8091 | D:6      | Reached XP level 9. HP: 84/84 MP: 9/9
  8120 | D:6      | Reached skill level 11 in Dodging
  8876 | D:7      | Found an ancient bone altar of Kikubaaqudgha.
  9556 | D:7      | Found a transporter.
  9559 | D:7      | Noticed a moth of wrath
  9564 | D:7      | Found a bloodstained altar of Trog.
  9566 | D:7      | Noticed a two-headed ogre
  9566 | D:7      | Noticed Zeld's ghost (novice OpTm)
  9592 | D:7      | Found a transporter.
 10006 | D:8      | Noticed Harold
 10020 | D:8      | Killed Harold
 10021 | D:8      | Reached skill level 12 in Dodging
 10025 | D:8      | Reached XP level 10. HP: 37/93 MP: 10/10
 10281 | D:8      | Found a sparkling altar of Nemelex Xobeh.
 10673 | D:8      | Found Domouh's Magic Scroll Boutique.
 11640 | D:8      | Noticed a two-headed ogre
 11655 | D:8      | Killed a two-headed ogre
 11656 | D:8      | Reached skill level 13 in Dodging
 12835 | D:9      | Found a sparkling altar of Nemelex Xobeh.
 13184 | D:9      | Found a burning altar of Makhleb.
 13613 | D:10     | Entered Level 10 of the Dungeon
 14304 | D:10     | Noticed a two-headed ogre
 14315 | D:10     | Killed a two-headed ogre
 14316 | D:10     | Reached skill level 14 in Dodging
 14336 | D:10     | Reached ***** piety under Trog
 14894 | D:11     | Noticed a two-headed ogre
 14905 | D:11     | Killed a two-headed ogre
 14906 | D:11     | Reached XP level 11. HP: 100/100 MP: 11/11
 15171 | D:11     | Noticed a boulder beetle
 15192 | D:11     | HP: 4/100 [boulder beetle (27)]
 15199 | D:11     | HP: 7/150 [boulder beetle (10)]
 15199 | D:11     | HP: 2/150 [boulder beetle (5)]
 15205 | D:11     | Demolished by a boulder beetle

Illustrated notes

Levels and vault maps discovered:
D:1:      wander_arrival_peaceful_grave, layout_basic, st_stairs_11,
          minmay_bisected
D:2:      layout_basic, gammafunk_temple_overflow_arena
D:3:      layout_rooms, minmay_rat_hole
D:4:      layout_loops_ring, vehumet_crystals, uniq_grinder,
          uniq_crazy_yiuf_cottage
D:5:      layout_layer_cave, kennysheep_little_box,
          nicolae_qazlal_style_of_elements
D:6:      kennysheep_housing_project, layout_rooms, minitemple,
          minmay_temple_entry_slanted
D:7:      layout_basic, kiku_gazebo_garden_becter, serial_rivers,
          chequers_serial_rivers_small_3, chequers_serial_rivers_small_b,
          chequers_serial_rivers_micro_a, chequers_serial_rivers_micro_a,
          chequers_serial_rivers_micro_e, gammafunk_ghost_wrathful_warriors
D:8:      layout_gridville, serial_shops, shop, basic_altar, uniq_harold
D:9:      layout_basic, nemelex_altar_shiori, basic_altar,
          minmay_stone_trees_small, water_maze_lemuel
D:10:     layout_basic, hangedman_tell_no_tales
D:11:     argonaut_augean_stables, layout_basic, lair_entry_dummy, uniq_maurice

Skill      XL: |  1  2  3  4  5  6  7  8  9 10 |
---------------+-------------------------------+-----
Dodging        | 3 4 5 7 8 10 12 14 | 14.8
Fighting       | |  4.3
Maces & Flails | |  2.9

Action                   |  1- 3 |  4- 6 |  7- 9 | 10-12 || total
-------------------------+-------+-------+-------+-------++-------
Melee: Mace              |    96 |   233 |   272 |   367 ||   968
       Flail             |       |       |    93 |       ||    93
Invok: Berserk           |     4 |     3 |    11 |    11 ||    29
       Trog's Hand       |       |     1 |     1 |     1 ||     3
       Brothers in Arms  |       |       |     2 |       ||     2
Evoke: Wand              |       |       |     8 |     6 ||    14
  Use: Scroll            |     3 |     8 |     6 |     2 ||    19
       Potion            |       |       |    13 |    10 ||    23
Armor: Animal skin       |    10 |       |       |       ||    10
       Robe              |    25 |   118 |   146 |   135 ||   424
       Skin              |       |       |   127 |    18 ||   145
Dodge: Dodged            |    70 |   247 |   407 |   430 ||  1154
